 Dungeon Crawl Stone Soup version 0.29-a0-813-g4a14ea37d6 (webtiles) character file.

Game seed: 10376479415792802092

8 indigestion the Firebug (level 1, 0/14 HPs)
             Began as a Demigod Fire Elementalist on July 5, 2022.
             Killed from afar by Sigmund (10 damage)
             ... with a puff of flame
             ... on level 2 of the Dungeon.
             The game lasted 00:02:37 (974 turns).

indigestion the Firebug (Demigod Fire Elementalist)  Turns: 974, Time: 00:02:38

Health: 0/14       AC:  3    Str:  9    XL:     1   Next: 80%
Magic:  5/5        EV: 12    Int: 17    God:
Gold:   55         SH:  0    Dex: 14    Spells: 1/3 levels left

rFire   . . .      SeeInvis .   d - +0 dagger
rCold   . . .      Faith    .   (no shield)
rNeg    . . .      Spirit   .   a - +0 robe
rPois   .          Reflect  .   (no helmet)
rElec   .          Harm     .   f - +0 cloak
rCorr   .          Rampage  .   (no gloves)
Will    .....                   (no boots)
Stlth   ++........              (no amulet)
HPRegen 0.04/turn               (no ring)
MPRegen 0.09/turn               (no ring)

@: no status effects
A: high MP 1, forlorn, divine attributes
a: no special abilities


You were on level 2 of the Dungeon.
You visited 1 branch of the dungeon, and saw 2 of its levels.

You collected 55 gold pieces.

Inventory:

Hand Weapons
 d - a +0 dagger (weapon)
Armour
 a - a +0 robe (worn)
 f - a +0 cloak (worn)
Scrolls
 h - a scroll of enchant armour {unknown}
 i - a scroll of identify {unknown}
Potions
 b - a potion of magic
 c - a potion of heal wounds {unknown}
 e - a potion of curing {unknown}
 g - a potion of haste {unknown}


   Skills:
 + Level 1.9 Dodging
 - Level 2.0 Stealth
 + Level 1.9 Spellcasting
 + Level 1.1 Conjurations
 + Level 2.8 Fire Magic


You had one spell level left.
You knew the following spells:

 Your Spells              Type           Power      Damage    Failure   Level
a - Foxfire               Conj/Fire      32%        2x1d5     9%          1
b - Magic Dart            Conj           20%        1d4       12%         1

Your spell library contained the following spells:

 Spells                   Type           Power      Damage    Failure   Level
 Scorch                   Fire           22%        2d6       10%         2
 Conjure Flame            Conj/Fire      8%         6-21      26%         3
 Inner Flame              Hex/Fire       6%         N/A       32%         3
 Dazzling Flash           Conj/Hex       6%         N/A       43%         3
 Flame Wave               Conj/Fire      8%         2d5       65%         4
 Iskenderun's Mystic Bla  Conj/Tloc      3%         2d3       83%         4
 Starburst                Conj/Fire      4%         6d3       100%        6


Dungeon Overview and Level Annotations

Branches:
Dungeon (2/15)

Annotations:
D:2 Sigmund


Innate Abilities, Weirdness & Mutations

You have an increased reservoir of magic. (+10% MP)
You shall have no god before yourself.
Your divine heritage dramatically boosts your attributes as you level up.


Message History

There is an open door here.
There is a stone staircase leading down here.
There is a stone staircase leading down here.
There is an open door here.
There is an open door here.
Found a stone staircase leading down.
There is a stone staircase leading down here.
An endoplasm comes into view.
The helpless endoplasm fails to defend itself.
You puncture the endoplasm!
You kill the endoplasm!
Your Stealth skill increases to level 2!
Found a sling.
Casting: Foxfire (safe; 9% risk of failure)
Confirm with . or Enter, or press ? or * to list all spells.
Okay, then.
i - a scroll labelled ILLETA JAAB Sigmund the Dreaded comes into view.
He is wielding a +0 scythe.
You see here a +0 sling.
You open the door.
There is an open door here.
Sigmund shouts!
Sigmund hits you from afar with a +0 scythe.
Sorry, you're not good enough to have a special ability.
Casting: Foxfire (safe; 9% risk of failure)
Confirm with . or Enter, or press ? or * to list all spells.
Okay, then.
Sigmund gestures at you while chanting.
You are confused.
There is an open door here.
You bump into the rock wall.
You're too confused to move!
Sigmund gestures at you while chanting. You resist with significant effort.
You are too confused!
You feel less confused.
Sigmund points at you and mumbles some strange words.
The puff of flame hits you!
Ouch! That really hurt!
You die...

#.####.#####.## ##..##.##.
#.###.#.## #.# #..#..#
#.##.###.###.# #..#.## #
#.#.#####.##+## #..#.###. ##
#....>.###....## #........ .#
###.##.##......## ####.#### ##
##.#.#.#........## .#.#
#####...#............####....#
................@...@'.......#
#####......#.........####....#
# #..######.......## ##.#.# #
#.## ##.....## ###.# # #.#
##...## #.. # #.# ##+## ...
#.#


You could see Sigmund.

Vanquished Creatures
  An endoplasm (D:2)
  A giant cockroach (D:1)
  A goblin (D:1)
  A kobold (D:1)
  5 rats (D:1)
9 creatures vanquished.

Vanquished Creatures (others)
  11 foxfires (D:1)
11 creatures vanquished.

Grand Total: 20 creatures vanquished

Notes
Turn   | Place    | Note
-------+----------+-------------------------------------------
     0 | D:1      | indigestion the Demigod Fire Elementalist began the quest
                  | for the Orb.
     0 | D:1      | Reached XP level 1. HP: 14/14 MP: 5/5
   249 | D:1      | Reached skill level 1 in Conjurations
   503 | D:1      | Got Plato's Atlas of Striking
   583 | D:1      | Learned a level 1 spell: Magic Dart
   905 | D:2      | Noticed Sigmund
   974 | D:2      | Killed from afar by Sigmund

Illustrated notes

Levels and vault maps discovered:
D:1:      onia_arrival_mini_maze, layout_rooms,
          shapermc_ecumenical_altar_rom_forum
D:2:      layout_loops_corners, kennysheep_generic_room_7, uniq_sigmund

Skill      XL: |  1 |
---------------+----+-----
Conjurations   | 1 |  1.1
Stealth        | 2 |  2.0
Dodging        | |  1.9
Spellcasting   | |  1.9
Fire Magic     | |  2.8

Action                   || total
-------------------------++-------
Melee: Unarmed           ||     4
       Dagger            ||     2
 Cast: Foxfire           ||     7
 Stab: Sleeping          ||     2
Armor: Robe              ||     2
Dodge: Dodged            ||     1

Table legend: (Time is in decaauts)
 A = Elapsed time spent in this place.
 B = Non-inter-level travel time spent in this place.
 C = Inter-level travel time spent in this place.
 D = Time resting spent in this place.
 E = Time spent auto-exploring this place.
 F = Levels seen in this place.
 G = Mean time per level.
                   A        B        C        D        E       F      G
               +--------+--------+--------+--------+--------+-----+--------+
         Total |    973 |    920 |     53 |      0 |    795 |   2 |  486.5 |
       Dungeon |    973 |    920 |     53 |      0 |    795 |   2 |  486.5 |
               +--------+--------+--------+--------+--------+-----+--------+

Top non-repeatable levels by time:
     D:1: 671 daAuts
     D:2: 301 daAuts
